TOP OF THE 1ST |
Columbia River Rats batting - Pitching for Louisiana Dragoons : LHP Arnold Berry
|
Pitching: LHP Arnold Berry
|
|
Batting: LHB Floyd Long
|
0-0: Ground out U3 (Groundball, 3L)
|
Batting: RHB Miguel Montoya
|
0-0: Foul Ball, location: 2F 0-1: Ball 1-1: Ball 2-1: Foul Ball, location: 2F 2-2: Strikes out swinging
|
Batting: RHB Bryce Bancroft
|
0-0: Ball 1-0: Called Strike 1-1: Ball 2-1: Foul Ball, location: 2F 2-2: Foul Ball, location: 2F 2-2: Foul Ball, location: 2F 2-2: Strikes out swinging
|
Top of the 1st over - 0 run(s), 0 hit(s), 0 error(s), 0 left on base; Columbia 0 - Louisiana 0 |
BOTTOM OF THE 1ST |
Louisiana Dragoons batting - Pitching for Columbia River Rats : RHP Edgardo Nava
|
Pitching: RHP Edgardo Nava
|
|
Batting: SHB Manuel González
|
0-0: Bunted foul 0-1: SINGLE (Line Drive, 34)
|
Batting: RHB Jim Burch
|
0-0: Called Strike 0-1: Ball 1-1: Ball 2-1: Called Strike Manuel González is caught stealing 2nd base 2-2: Strikes out swinging
|
Batting: RHB Domingo Calderón
|
0-0: Foul Ball, location: 2F 0-1: Called Strike 0-2: Ball 1-2: Ground out 1-3 (Groundball, 13)
|
Bottom of the 1st over - 0 run(s), 1 hit(s), 0 error(s), 0 left on base; Columbia 0 - Louisiana 0 |
TOP OF THE 2ND |
Columbia River Rats batting - Pitching for Louisiana Dragoons : LHP Arnold Berry
|
Batting: RHB Fernando Silva
|
0-0: Ball 1-0: Foul Ball, location: 2F 1-1: Ball 2-1: Foul Ball, location: 2F 2-2: Ball 3-2: Foul Ball, location: 2F 3-2: SINGLE (Groundball, 56D)
|
Batting: LHB Luis Vicenteno
|
0-0: Called Strike 0-1: Foul Ball, location: 2F 0-2: Ball 1-2: Ball 2-2: Foul Ball, location: 2F 2-2: Fly out, F8 (Flyball, 8LXD)
|
Batting: RHB Eduardo Checchinato
|
0-0: Ball 1-0: Ball 2-0: SINGLE (Line Drive, 56) Fernando Silva to second
|
Batting: RHB Raúl Ortíz
|
0-0: Ball 1-0: Ball 2-0: Foul Ball, location: 2F 2-1: Ball 3-1: Base on Balls Fernando Silva to third Eduardo Checchinato to second
|
Batting: RHB Héctor Gallegos
|
0-0: Called Strike 0-1: Ball 1-1: Foul Ball, location: 2F 1-2: Strikes out looking
|
Batting: LHB Juan Montés
|
0-0: Called Strike 0-1: SINGLE (Line Drive, 34) Fernando Silva scores Eduardo Checchinato to third Raúl Ortíz to second Runner from 3rd tries for Home, SAFE, no throw or cutoff
|
Batting: LHB Floyd Long
|
0-0: Ball 1-0: Ball 2-0: Called Strike 2-1: Ground out U3 (Groundball, 3)
|
Top of the 2nd over - 2 run(s), 3 hit(s), 0 error(s), 2 left on base; Columbia 2 - Louisiana 0 |
BOTTOM OF THE 2ND |
Louisiana Dragoons batting - Pitching for Columbia River Rats : RHP Edgardo Nava
|
Batting: RHB Victorino Navarro
|
0-0: Ball 1-0: Fly out, F9 (Flyball, 9M)
|
Batting: SHB Francisco Valentín
|
0-0: Ball 1-0: Ground out 1-3 (Groundball, 13)
|
Batting: RHB Sancho Rodríguez
|
0-0: Foul Ball, location: 2F 0-1: Ball 1-1: Ball 2-1: Fly out, F9 (Line Drive, 89M)
|
Bottom of the 2nd over - 0 run(s), 0 hit(s), 0 error(s), 0 left on base; Columbia 2 - Louisiana 0 |
TOP OF THE 3RD |
Columbia River Rats batting - Pitching for Louisiana Dragoons : LHP Arnold Berry
|
Batting: RHB Miguel Montoya
|
0-0: Swinging Strike 0-1: SINGLE (Line Drive, 6MD)
|
Batting: RHB Bryce Bancroft
|
0-0: Called Strike 0-1: Ball Wild Pitch! Miguel Montoya to second 1-1: Ball 2-1: Foul Ball, location: 2F 2-2: Ground out 4-3 (Groundball, 4) Miguel Montoya to third
|
Batting: RHB Fernando Silva
|
0-0: Swinging Strike Passed Ball! Miguel Montoya scores 0-1: Swinging Strike 0-2: Ball 1-2: Foul Ball, location: 2F 1-2: Fly out, F7 (Line Drive, 7M)
|
Batting: LHB Luis Vicenteno
|
0-0: Fly out, F7 (Flyball, 7S)
|
Top of the 3rd over - 1 run(s), 1 hit(s), 0 error(s), 0 left on base; Columbia 3 - Louisiana 0 |
BOTTOM OF THE 3RD |
Louisiana Dragoons batting - Pitching for Columbia River Rats : RHP Edgardo Nava
|
Batting: LHB Willie Brown
|
0-0: Foul Ball, location: 2F 0-1: Ball 1-1: Ball 2-1: Called Strike 2-2: Ball 3-2: Foul Ball, location: 2F 3-2: Base on Balls
|
Batting: RHB Wessel Wemerman
|
0-0: Fly out, F9 (Flyball, 89M)
|
Batting: RHB Marlon Cummins
|
0-0: Called Strike 0-1: Ball 1-1: Ball 2-1: Foul Ball, location: 2F 2-2: Strikes out looking
|
Batting: SHB Manuel González
|
0-0: Ball 1-0: Ball 2-0: Ball 3-0: Called Strike 3-1: Base on Balls Willie Brown to second
|
Batting: RHB Jim Burch
|
0-0: Ball 1-0: Swinging Strike 1-1: Foul Ball, location: 2F 1-2: SINGLE (Groundball, 13) (infield hit) Willie Brown to third Manuel González to second
|
Batting: RHB Domingo Calderón
|
0-0: Called Strike 0-1: Ball 1-1: Ground out 6-3 (Groundball, 56)
|
Bottom of the 3rd over - 0 run(s), 1 hit(s), 0 error(s), 3 left on base; Columbia 3 - Louisiana 0 |
TOP OF THE 4TH |
Columbia River Rats batting - Pitching for Louisiana Dragoons : LHP Arnold Berry
|
Batting: RHB Eduardo Checchinato
|
0-0: Called Strike 0-1: Ground out 6-3 (Groundball, 6M)
|
Batting: RHB Raúl Ortíz
|
0-0: Fly out, F9 (Flyball, 89M)
|
Batting: RHB Héctor Gallegos
|
0-0: Called Strike 0-1: Bunt for hit - play at first, batter OUT! 2-3
|
Top of the 4th over - 0 run(s), 0 hit(s), 0 error(s), 3 left on base; Columbia 3 - Louisiana 0 |
BOTTOM OF THE 4TH |
Louisiana Dragoons batting - Pitching for Columbia River Rats : RHP Edgardo Nava
|
Batting: RHB Victorino Navarro
|
0-0: Ball 1-0: Ball 2-0: Swinging Strike 2-1: Ball 3-1: Called Strike 3-2: SINGLE (Flyball, 6MD)
|
Batting: SHB Francisco Valentín
|
0-0: Fielders Choice at 2nd, 1-6 (Groundball, 25)
|
Batting: RHB Sancho Rodríguez
|
0-0: Fly out, F9 (Flyball, 89S)
|
Batting: LHB Willie Brown
|
0-0: Called Strike 0-1: Ball 1-1: SINGLE (Line Drive, 6M) Francisco Valentín to second
|
Batting: RHB Wessel Wemerman
|
0-0: Called Strike 0-1: Fly out, F9 (Flyball, 9LM)
|
Bottom of the 4th over - 0 run(s), 2 hit(s), 0 error(s), 2 left on base; Columbia 3 - Louisiana 0 |
TOP OF THE 5TH |
Columbia River Rats batting - Pitching for Louisiana Dragoons : LHP Arnold Berry
|
Batting: LHB Juan Montés
|
0-0: Swinging Strike 0-1: Swinging Strike 0-2: Ball 1-2: Foul Ball, location: 2F 1-2: Ball 2-2: Ball 3-2: Base on Balls
|
Batting: LHB Floyd Long
|
0-0: Ball 1-0: Sac Bunt - play at first, batter OUT! 5-4 Juan Montés to second
|
Batting: RHB Miguel Montoya
|
0-0: Fly out, F2 (Popup, 2RF)
|
Batting: RHB Bryce Bancroft
|
0-0: Ball 1-0: Ground out 5-3 (Groundball, 5)
|
Top of the 5th over - 0 run(s), 0 hit(s), 0 error(s), 1 left on base; Columbia 3 - Louisiana 0 |
BOTTOM OF THE 5TH |
Louisiana Dragoons batting - Pitching for Columbia River Rats : RHP Edgardo Nava
|
Batting: RHB Marlon Cummins
|
0-0: Ball 1-0: Ball 2-0: Ball 3-0: Base on Balls
|
Batting: SHB Manuel González
|
0-0: Sac Bunt - play at first, batter OUT! 4-3 Marlon Cummins to second
|
Batting: RHB Jim Burch
|
0-0: Called Strike 0-1: Ball 1-1: Ground out 4-3 (Groundball, 4) Marlon Cummins to third
|
Batting: RHB Domingo Calderón
|
0-0: Ball 1-0: Ball 2-0: Fly out, F4 (Popup, 3D)
|
Bottom of the 5th over - 0 run(s), 0 hit(s), 0 error(s), 1 left on base; Columbia 3 - Louisiana 0 |
TOP OF THE 6TH |
Columbia River Rats batting - Pitching for Louisiana Dragoons : LHP Arnold Berry
|
Batting: RHB Fernando Silva
|
0-0: Foul Ball, location: 2F 0-1: Foul Ball, location: 2F 0-2: Foul Ball, location: 2F 0-2: Foul Ball, location: 2F 0-2: Fly out, F3 (Popup, 3S)
|
Batting: LHB Luis Vicenteno
|
0-0: Ball 1-0: SINGLE (Groundball, 3D)
|
Batting: RHB Eduardo Checchinato
|
0-0: Ball 1-0: SINGLE (Line Drive, 89S) Luis Vicenteno to second
|
Batting: RHB Raúl Ortíz
|
0-0: Called Strike 0-1: Ball 1-1: Ball 2-1: Called Strike Luis Vicenteno steals 3rd base Eduardo Checchinato to second 2-2: Foul Ball, location: 2F 2-2: Ball 3-2: Intentional Walk
|
Pitching: RHP Ben Fleming
|
|
Batting: RHB Héctor Gallegos
|
0-0: Ball 1-0: Foul Ball, location: 2F 1-1: Fielders Choice at 2nd, 6-4 (Groundball, 6) Luis Vicenteno scores Eduardo Checchinato to third
|
Batting: LHB Juan Montés
|
0-0: Fly out, F7 (Flyball, 7D)
|
Top of the 6th over - 1 run(s), 2 hit(s), 0 error(s), 2 left on base; Columbia 4 - Louisiana 0 |
BOTTOM OF THE 6TH |
Louisiana Dragoons batting - Pitching for Columbia River Rats : RHP Edgardo Nava
|
Batting: RHB Victorino Navarro
|
0-0: Ball 1-0: SINGLE (Line Drive, 7LM)
|
Batting: SHB Francisco Valentín
|
0-0: Ball 1-0: Called Strike 1-1: Swinging Strike 1-2: Strikes out swinging
|
Batting: RHB Sancho Rodríguez
|
0-0: Fly out, F6 (Line Drive, 6M)
|
Batting: LHB Willie Brown
|
0-0: Ball 1-0: Fly out, F8 (Line Drive, 8RM)
|
Bottom of the 6th over - 0 run(s), 1 hit(s), 0 error(s), 1 left on base; Columbia 4 - Louisiana 0 |
TOP OF THE 7TH |
Columbia River Rats batting - Pitching for Louisiana Dragoons : RHP Ben Fleming
|
Batting: LHB Floyd Long
|
0-0: Called Strike 0-1: Ball 1-1: Foul Ball, location: 2F 1-2: Ball 2-2: Foul Ball, location: 2F 2-2: SINGLE (Line Drive, 89S)
|
Batting: RHB Miguel Montoya
|
0-0: Bunt missed! 0-1: Bunt missed! 0-2: Grounds into double play, 6-4-3 (Groundball, 6)
|
Batting: RHB Bryce Bancroft
|
0-0: Called Strike 0-1: Ball 1-1: Swinging Strike 1-2: Fly out, F8 (Flyball, 8RXD)
|
Top of the 7th over - 0 run(s), 1 hit(s), 0 error(s), 0 left on base; Columbia 4 - Louisiana 0 |
BOTTOM OF THE 7TH |
Louisiana Dragoons batting - Pitching for Columbia River Rats : RHP Edgardo Nava
|
Batting: RHB Wessel Wemerman
|
0-0: Swinging Strike 0-1: Foul Ball, location: 2F 0-2: Foul Ball, location: 2F 0-2: Ground out 5-3 (Groundball, 56)
|
Batting: RHB Marlon Cummins
|
0-0: Called Strike 0-1: Swinging Strike 0-2: Ball 1-2: Foul Ball, location: 2F 1-2: Ball 2-2: Ball 3-2: Base on Balls
|
Batting: SHB Manuel González
|
0-0: Ball 1-0: Called Strike 1-1: Called Strike 1-2: Ball 2-2: Ball 3-2: Base on Balls Marlon Cummins to second
|
Batting: RHB Jim Burch
|
0-0: Ball 1-0: Called Strike 1-1: Swinging Strike 1-2: Ball 2-2: Ball 3-2: Base on Balls Marlon Cummins to third Manuel González to second
|
Batting: RHB Domingo Calderón
|
0-0: Ball 1-0: Swinging Strike 1-1: Ball 2-1: Ball 3-1: Base on Balls Marlon Cummins scores Manuel González to third Jim Burch to second
|
Pitching: RHP Juan Lara
|
|
Batting: RHB Victorino Navarro
|
0-0: Ball 1-0: Called Strike 1-1: Swinging Strike 1-2: Strikes out swinging
|
Pinch Hitting: RHB Danny Penn
|
0-0: Foul Ball, location: 2F 0-1: Foul Ball, location: 2F 0-2: Ball 1-2: Strikes out swinging
|
Bottom of the 7th over - 1 run(s), 0 hit(s), 0 error(s), 3 left on base; Columbia 4 - Louisiana 1 |
TOP OF THE 8TH |
Columbia River Rats batting - Pitching for Louisiana Dragoons : RHP Ben Fleming
|
Now in RF: Danny Penn
|
|
Batting: RHB Fernando Silva
|
0-0: Ground out 6-3 (Groundball, 6)
|
Batting: LHB Luis Vicenteno
|
0-0: Called Strike 0-1: SINGLE (Line Drive, 9S)
|
Batting: RHB Eduardo Checchinato
|
0-0: Ball 1-0: Hit by Pitch Luis Vicenteno to second
|
Batting: RHB Raúl Ortíz
|
0-0: Ball 1-0: Ball 2-0: Called Strike 2-1: Foul Ball, location: 2F 2-2: Strikes out swinging
|
Batting: RHB Héctor Gallegos
|
0-0: Fly out, F7 (Flyball, 7S)
|
Top of the 8th over - 0 run(s), 1 hit(s), 0 error(s), 2 left on base; Columbia 4 - Louisiana 1 |
BOTTOM OF THE 8TH |
Louisiana Dragoons batting - Pitching for Columbia River Rats : RHP Juan Lara
|
Batting: RHB Sancho Rodríguez
|
0-0: Fly out, F8 (Line Drive, 8LM)
|
Batting: LHB Willie Brown
|
0-0: Ball 1-0: Ball 2-0: Ball 3-0: Base on Balls
|
Pitching: RHP Manny Pérez
|
|
Batting: RHB Wessel Wemerman
|
0-0: SINGLE (Line Drive, 89S) Willie Brown to second
|
Batting: RHB Marlon Cummins
|
0-0: Reached on error, E4 (Groundball, 13) Willie Brown scores Wessel Wemerman to third
|
Batting: SHB Manuel González
|
0-0: Called Strike 0-1: Ball 1-1: Foul Ball, location: 2F 1-2: Ball 2-2: Strikes out swinging
|
Batting: RHB Jim Burch
|
0-0: Called Strike 0-1: Ball 1-1: Foul Ball, location: 2F 1-2: Foul Ball, location: 2F 1-2: SINGLE (Groundball, 56D) Wessel Wemerman scores Marlon Cummins to third Runner from 3rd tries for Home, SAFE, throw made home
|
Batting: RHB Domingo Calderón
|
0-0: Ground out 5-3 (Groundball, 5S)
|
Bottom of the 8th over - 3 run(s), 2 hit(s), 1 error(s), 1 left on base; Columbia 4 - Louisiana 4 |
TOP OF THE 9TH |
Columbia River Rats batting - Pitching for Louisiana Dragoons : RHP Ben Fleming
|
Pitching: RHP Seishiro Sato
|
|
Pinch Hitting: RHB José Rivera
|
0-0: Ball 1-0: Ball 2-0: Swinging Strike 2-1: Called Strike 2-2: Ball 3-2: Foul Ball, location: 2F 3-2: Base on Balls
|
Batting: LHB Floyd Long
|
0-0: Sac Bunt - play at first, batter OUT! 5-3 José Rivera to second
|
Batting: RHB Miguel Montoya
|
0-0: Ground out 5-3 (Groundball, 56S) José Rivera to third
|
Batting: RHB Bryce Bancroft
|
0-0: Ball 1-0: Ground out 5-3 (Groundball, 5)
|
Top of the 9th over - 0 run(s), 0 hit(s), 0 error(s), 1 left on base; Columbia 4 - Louisiana 4 |
BOTTOM OF THE 9TH |
Louisiana Dragoons batting - Pitching for Columbia River Rats : RHP Manny Pérez
|
Now in RF: Carlos Rodríguez
|
|
Batting: RHB Victorino Navarro
|
0-0: Ground out 6-3 (Groundball, 6)
|
Batting: RHB Danny Penn
|
0-0: Ball 1-0: Ball 2-0: Ball 3-0: Called Strike 3-1: Called Strike 3-2: Foul Ball, location: 2F 3-2: Base on Balls
|
Pinch Hitting: LHB Manny Hernández
|
0-0: Ball 1-0: SINGLE (Groundball, 56) Danny Penn to second
|
Batting: LHB Willie Brown
|
0-0: Ground out 4-3 (Groundball, 4M) Danny Penn to third Manny Hernández to second
|
Pinch Hitting: SHB Greg Henderson
|
0-0: Swinging Strike 0-1: Fly out, F9 (Flyball, 9M)
|
Bottom of the 9th over - 0 run(s), 1 hit(s), 0 error(s), 2 left on base; Columbia 4 - Louisiana 4 |
TOP OF THE 10TH |
Columbia River Rats batting - Pitching for Louisiana Dragoons : RHP Seishiro Sato
|
Now at 1B: Manny Hernández
|
|
Now in LF: Greg Henderson
|
|
Batting: RHB Fernando Silva
|
0-0: Called Strike 0-1: Fly out, F2 (Popup, 23F)
|
Batting: LHB Luis Vicenteno
|
0-0: Ball 1-0: Foul Ball, location: 2F 1-1: Called Strike 1-2: Strikes out swinging
|
Pinch Hitting: RHB Jan Gosselin
|
0-0: Swinging Strike 0-1: Called Strike 0-2: Strikes out swinging
|
Top of the 10th over - 0 run(s), 0 hit(s), 0 error(s), 0 left on base; Columbia 4 - Louisiana 4 |
BOTTOM OF THE 10TH |
Louisiana Dragoons batting - Pitching for Columbia River Rats : RHP Manny Pérez
|
Now at C: Enrique Correa
|
|
Batting: RHB Marlon Cummins
|
0-0: Called Strike 0-1: Ball 1-1: SINGLE (Groundball, 56)
|
Batting: SHB Manuel González
|
0-0: Sac Bunt - play at first, batter OUT! 1-4 Marlon Cummins to second
|
Batting: RHB Jim Burch
|
0-0: Ball 1-0: Called Strike 1-1: Fly out, F7 (Flyball, 7M)
|
Batting: RHB Domingo Calderón
|
0-0: Called Strike 0-1: Called Strike 0-2: Ball Wild Pitch! Marlon Cummins to third 1-2: Ball 2-2: Foul Ball, location: 2F 2-2: Foul Ball, location: 2F 2-2: Strikes out swinging
|
Bottom of the 10th over - 0 run(s), 1 hit(s), 0 error(s), 1 left on base; Columbia 4 - Louisiana 4 |
TOP OF THE 11TH |
Columbia River Rats batting - Pitching for Louisiana Dragoons : RHP Seishiro Sato
|
Batting: RHB Raúl Ortíz
|
0-0: Ground out 6-3 (Groundball, 6M)
|
Pinch Hitting: RHB Ron Spence
|
0-0: Ball 1-0: Ball 2-0: Ball 3-0: Base on Balls
|
Batting: LHB Carlos Rodríguez
|
0-0: Ball 1-0: Ball 2-0: Swinging Strike 2-1: Foul Ball, location: 2F 2-2: Strikes out swinging
|
Batting: LHB Floyd Long
|
0-0: Ball 1-0: Called Strike 1-1: Ball 2-1: Fly out, F9 (Flyball, 89D)
|
Top of the 11th over - 0 run(s), 0 hit(s), 0 error(s), 1 left on base; Columbia 4 - Louisiana 4 |
BOTTOM OF THE 11TH |
Louisiana Dragoons batting - Pitching for Columbia River Rats : RHP Manny Pérez
|
Now at SS: Marcos Calderón
|
|
Batting: RHB Victorino Navarro
|
0-0: Ground out 5-3 (Groundball, 5)
|
Batting: RHB Danny Penn
|
0-0: Ground out 6-3 (Groundball, 6)
|
Batting: LHB Manny Hernández
|
0-0: Swinging Strike 0-1: Foul Ball, location: 2F 0-2: Ball 1-2: Strikes out looking
|
Bottom of the 11th over - 0 run(s), 0 hit(s), 0 error(s), 0 left on base; Columbia 4 - Louisiana 4 |
TOP OF THE 12TH |
Columbia River Rats batting - Pitching for Louisiana Dragoons : RHP Seishiro Sato
|
Batting: RHB Miguel Montoya
|
0-0: Called Strike 0-1: Foul Ball, location: 2F 0-2: Strikes out looking
|
Batting: RHB Bryce Bancroft
|
0-0: DOUBLE (Line Drive, 89M)
|
Batting: RHB Fernando Silva
|
0-0: Intentional Walk
|
Batting: LHB Luis Vicenteno
|
0-0: Ball 1-0: Ball 2-0: Called Strike 2-1: Fly out, F7 (Flyball, 7M)
|
Batting: RHB Enrique Correa
|
0-0: Foul Ball, location: 2F 0-1: Foul Ball, location: 2F 0-2: Ball 1-2: Strikes out swinging
|
Top of the 12th over - 0 run(s), 1 hit(s), 0 error(s), 2 left on base; Columbia 4 - Louisiana 4 |
BOTTOM OF THE 12TH |
Louisiana Dragoons batting - Pitching for Columbia River Rats : RHP Manny Pérez
|
Batting: LHB Willie Brown
|
0-0: Called Strike 0-1: Ball 1-1: Ball 2-1: Ground out 5-3 (Groundball, 15S)
|
Batting: SHB Greg Henderson
|
0-0: Called Strike 0-1: Called Strike 0-2: Ball 1-2: Ground out U3 (Groundball, 3)
|
Batting: RHB Marlon Cummins
|
0-0: Fly out, F7 (Flyball, 78S)
|
Bottom of the 12th over - 0 run(s), 0 hit(s), 0 error(s), 0 left on base; Columbia 4 - Louisiana 4 |
TOP OF THE 13TH |
Columbia River Rats batting - Pitching for Louisiana Dragoons : RHP Seishiro Sato
|
Batting: RHB Raúl Ortíz
|
0-0: Ball 1-0: Ball 2-0: Called Strike 2-1: Foul Ball, location: 2F 2-2: Foul Ball, location: 2F 2-2: Fly out, F7 (Line Drive, 7M)
|
Batting: RHB Marcos Calderón
|
0-0: Ball 1-0: Called Strike 1-1: Ball 2-1: Fly out, F8 (Flyball, 8LM)
|
Pitching: RHP Javier Hernández
|
|
Batting: LHB Carlos Rodríguez
|
0-0: Foul Ball, location: 2F 0-1: Foul Ball, location: 2F 0-2: Strikes out looking
|
Top of the 13th over - 0 run(s), 0 hit(s), 0 error(s), 0 left on base; Columbia 4 - Louisiana 4 |
BOTTOM OF THE 13TH |
Louisiana Dragoons batting - Pitching for Columbia River Rats : RHP Manny Pérez
|
Batting: SHB Manuel González
|
0-0: Ball 1-0: Ball 2-0: Swinging Strike 2-1: Ball 3-1: SINGLE (Groundball, 56)
|
Batting: RHB Jim Burch
|
0-0: Ground out 4-3 (Groundball, 4S) Manuel González to second
|
Batting: RHB Domingo Calderón
|
0-0: Ball 1-0: Foul Ball, location: 2F 1-1: Called Strike Manuel González is caught stealing 3rd base 1-2: Ball 2-2: Ball 3-2: DOUBLE (Line Drive, 78M)
|
Batting: RHB Victorino Navarro
|
0-0: Called Strike 0-1: Called Strike 0-2: Foul Ball, location: 2F 0-2: Ball 1-2: Strikes out swinging
|
Bottom of the 13th over - 0 run(s), 2 hit(s), 0 error(s), 1 left on base; Columbia 4 - Louisiana 4 |
TOP OF THE 14TH |
Columbia River Rats batting - Pitching for Louisiana Dragoons : RHP Javier Hernández
|
Batting: LHB Floyd Long
|
0-0: Ball 1-0: Called Strike 1-1: Called Strike 1-2: Strikes out swinging
|
Batting: RHB Miguel Montoya
|
0-0: Called Strike 0-1: Foul Ball, location: 2F 0-2: SINGLE (Groundball, 6D)
|
Batting: RHB Bryce Bancroft
|
0-0: Ball 1-0: Ball 2-0: Called Strike 2-1: Ball 3-1: Ground out 5-3 (Groundball, 56S) Miguel Montoya to second
|
Batting: RHB Fernando Silva
|
0-0: Foul Ball, location: 2F 0-1: Called Strike 0-2: Foul Ball, location: 2F 0-2: Foul Ball, location: 2F 0-2: Strikes out looking
|
Top of the 14th over - 0 run(s), 1 hit(s), 0 error(s), 1 left on base; Columbia 4 - Louisiana 4 |
BOTTOM OF THE 14TH |
Louisiana Dragoons batting - Pitching for Columbia River Rats : RHP Manny Pérez
|
Batting: RHB Danny Penn
|
0-0: Foul Ball, location: 2F 0-1: Ball 1-1: Ball 2-1: Ball 3-1: Base on Balls
|
Batting: LHB Manny Hernández
|
0-0: Ball 1-0: Ball 2-0: Ball 3-0: Base on Balls Danny Penn to second
|
Batting: LHB Willie Brown
|
0-0: Called Strike 0-1: Ball 1-1: Bunted foul 1-2: Ball 2-2: Foul Ball, location: 2F 2-2: Fielders Choice at 2nd, 4-6 (Groundball, 4) Danny Penn to third
|
Batting: SHB Greg Henderson
|
0-0: Ball 1-0: Ball 2-0: Called Strike 2-1: Ball 3-1: SINGLE (Flyball, 89S) Danny Penn scores
|
|